 Dungeon Crawl Stone Soup version 0.29.1-4-g47bece8355 (webtiles) character file.

Game seed: 16480855534825660824

1355 rakiston the Cleaver (level 8, -1/73 HPs)
             Began as a Minotaur Berserker on Dec 8, 2022.
             Was an Elder of Trog.
             Slain by Maggie
             ... wielding a +1 broad axe of flaming
              (4 damage)
             ... on level 6 of the Dungeon on Dec 9, 2022.
             The game lasted 00:29:31 (4218 turns).

rakiston the Cleaver (Minotaur Berserker)           Turns: 4218, Time: 00:29:32

Health: -1/73      AC:  8    Str: 24    XL:     8   Next: 37%
Magic:  0/7        EV: 15    Int:  4    God:    Trog [****..]
Gold:   266        SH:  0    Dex: 10    Spells: 7/7 levels left

rFire   . . .      SeeInvis .   a - +1 hand axe (vorpal)
rCold   . . .      Faith    .   (no shield)
rNeg    . . .      Spirit   +   q - +0 ring mail
rPois   .          Reflect  .   (helmet restricted)
rElec   .          Harm     .   (no cloak)
rCorr   .          Rampage  .   (no gloves)
Will    +....                   o - +2 pair of boots
Stlth   ..........              i - amulet of guardian spirit
HPRegen 0.22/turn               h - +4 ring of evasion
MPRegen 0.10/turn               y - ring of willpower

@: mesmerised
A: horns 2, retaliatory headbutt
a: Renounce Religion, Berserk, Trog's Hand, Brothers in Arms


You were on level 6 of the Dungeon.
You worshipped Trog.
Trog was greatly pleased with you.
You visited 1 branch of the dungeon, and saw 6 of its levels.

You collected 266 gold pieces.

Inventory:

Hand Weapons
 a - a +1 vorpal hand axe (weapon)
 C - a +0 war axe
Missiles
 e - 5 boomerangs (quivered)
 j - 6 poisoned darts
 l - 28 stones
 u - 10 javelins
Armour
 b - a +0 animal skin
 f - a +0 leather armour
 o - a +2 pair of boots (worn)
 q - a +0 ring mail (worn)
 w - a +1 pair of boots
Jewellery
 h - a +4 ring of evasion (left hand)
 i - an amulet of guardian spirit (around neck)
 y - a ring of willpower (right hand)
Wands
 z - a wand of roots (8)
 A - a wand of acid (10)
 D - a wand of paralysis (10)
Scrolls
 c - a scroll of fear
 d - 3 scrolls of teleportation
 k - a scroll of brand weapon
 p - 2 scrolls of identify {unknown}
 s - a scroll of enchant weapon
 v - a scroll of noise {unknown}
 x - a scroll of amnesia {unknown}
 B - a scroll of poison {unknown}
Potions
 g - a potion of heal wounds {unknown}
 m - 2 potions of curing {unknown}
 n - a potion of haste {unknown}
 r - a potion of mutation {unknown}
 t - 2 potions of degeneration {unknown}


   Skills:
 + Level 7.4 Fighting
 + Level 11.0 Axes
 - Level 2.4 Armour
 - Level 2.1 Dodging


You had 7 spell levels left.
You didn't know any spells.
Your spell library was empty.

Dungeon Overview and Level Annotations

Branches:
Dungeon (6/15)
 Temple: D:4-7

Altars:
Cheibriados
Okawaru
Qazlal
Sif Muna
Trog
Uskayaw
The Shining One

Annotations:
D:3 3 runed translucent doors, coldfrog's ghost, weakling MiFi
D:4 Grinder; Pikel
D:6 Maggie


Innate Abilities, Weirdness & Mutations

You have a pair of horns on your head.
You reflexively headbutt those who attack you in melee.


Message History

Maggie barely misses you.
You hit Maggie. You headbutt Maggie, but do no damage.
Maggie is severely wounded.
Maggie hits you with a +1 broad axe of flaming!
Maggie burns you.
You hit Maggie but do no damage.
Maggie is severely wounded.
Okay, then.
You barely miss Maggie.
Maggie is severely wounded.
The orc priest looks braver for a moment.
Maggie casts a spell.
Maggie draws you further into her thrall.
You hit Maggie.
Maggie is severely wounded.
The orc priest miscasts a cantrip.
Maggie hits you with a +1 broad axe of flaming.
* * * LOW HITPOINT WARNING * * *
Maggie burns you.
* * * LOW HITPOINT WARNING * * *
You hit Maggie but do no damage. You headbutt Maggie, but do no damage.
Maggie is severely wounded.
Maggie mumbles some strange words.
Maggie draws you further into her thrall.
You barely miss Maggie. Your headbutt misses Maggie.
Maggie is severely wounded.
You slash Maggie! Your headbutt misses Maggie.
Maggie is almost dead.
The orc priest invokes the aid of Beogh against you.
Beogh smites you!
* * * LOW HITPOINT WARNING * * *
Maggie hits you with a +1 broad axe of flaming.
* * * LOW HITPOINT WARNING * * *
Maggie burns you.
* * * LOW HITPOINT WARNING * * *
You cannot move away from Maggie!
You closely miss Maggie.
Maggie is almost dead.
Maggie hits you with a +1 broad axe of flaming.
You die...

#### ...< .o#
#o##### #@@..#
#.###.# ..#
#.######## #.#
#.##<....#
#.#####.##.....#
#..............#
#.########........
#.....### ######..


You could see Maggie (mesmerising), an orc priest and an orc.

Vanquished Creatures
  An ice beast (D:5)
  A black bear (D:3)
  A phantom (D:2)
  A kobold brigand (D:5)
  A bullfrog (D:6)
  A necrophage (D:5)
  A scorpion (D:5)
  3 howler monkeys (D:5)
  4 orc priests
  2 hounds (D:5)
  2 iguanas (D:5)
  2 orc wizards
  8 adders
  23 gnolls
  A white imp (D:5)
  An ufetubus (D:5)
  A worm (D:2)
  2 dart slugs
  23 orcs
  8 ball pythons
  5 endoplasms
  3 giant cockroaches
  3 goblins
  7 hobgoblins
  18 jackals
  5 quokkas
  11 bats
  5 frilled lizards
  5 kobolds
  6 rats
155 creatures vanquished.

Vanquished Creatures (others)
  4 plants
4 creatures vanquished.

Grand Total: 159 creatures vanquished

Notes
Turn   | Place    | Note
-------+----------+-------------------------------------------
     0 | D:1      | rakiston the Minotaur Berserker began the quest for the
                  | Orb.
     0 | D:1      | Reached XP level 1. HP: 19/19 MP: 0/0
   272 | D:1      | Reached skill level 4 in Axes
   272 | D:1      | Reached XP level 2. HP: 27/27 MP: 1/1
   931 | D:1      | Found a hide-covered altar of Uskayaw.
   985 | D:2      | Reached ** piety under Trog
   994 | D:2      | Reached XP level 3. HP: 34/34 MP: 2/2
   994 | D:2      | Found a faded altar of an unknown god.
  1026 | D:2      | Found a stormy altar of Qazlal.
  1172 | D:2      | Noticed a phantom
  1191 | D:2      | Killed a phantom
  1192 | D:2      | Reached skill level 5 in Fighting
  1192 | D:2      | Reached skill level 5 in Axes
  1192 | D:2      | Reached XP level 4. HP: 36/42 MP: 3/3
  1463 | D:2      | Reached XP level 5. HP: 48/48 MP: 4/4
  1761 | D:3      | Noticed a black bear
  2122 | D:3      | Found a runed translucent gate.
  2123 | D:3      | Found a runed translucent gate.
  2125 | D:3      | Found a runed translucent gate.
  2126 | D:3      | Noticed coldfrog's ghost (weakling MiFi)
  2147 | D:3      | Killed a black bear
  2148 | D:3      | Reached skill level 6 in Axes
  2389 | D:3      | Found an iron altar of Okawaru.
  2637 | D:3      | Reached XP level 6. HP: 57/57 MP: 5/5
  2689 | D:4      | Noticed Grinder
  2840 | D:4      | Reached skill level 7 in Axes
  2902 | D:4      | Reached *** piety under Trog
  2947 | D:4      | Found a shimmering blue altar of Sif Muna.
  2962 | D:4      | Noticed Pikel
  2969 | D:5      | Entered Level 5 of the Dungeon
  2991 | D:5      | Reached skill level 8 in Axes
  3002 | D:5      | Reached XP level 7. HP: 21/63 MP: 2/6
  3291 | D:5      | Reached skill level 9 in Axes
  3428 | D:5      | Reached **** piety under Trog
  3465 | D:5      | Reached skill level 10 in Axes
  3528 | D:5      | Reached XP level 8. HP: 48/71 MP: 7/7
  3888 | D:5      | Found a glowing golden altar of the Shining One.
  3888 | D:5      | Found a bloodstained altar of Trog.
  3888 | D:5      | Found a stormy altar of Qazlal.
  4020 | D:5      | Found a snail-covered altar of Cheibriados.
  4185 | D:6      | Reached skill level 11 in Axes
  4193 | D:6      | Noticed Maggie
  4217 | D:6      | HP: 3/73 [Maggie/+1 broad axe of flaming (2)]
  4218 | D:6      | Slain by Maggie

Illustrated notes

Levels and vault maps discovered:
D:1:      dpeg_arrival_water_altar, layout_basic
D:2:      layout_basic, basic_altar, nicolae_ecumenical_snake_handling,
          chequers_serial_rivers_micro_b
D:3:      layout_basic, overflow_temple_1_default, ebering_ghost_rock_garden
D:4:      corexii_shack_village, layout_rooms, kennysheep_mini, minivault_1,
          minmay_divided_ellipse, uniq_grinder, uniq_pikel
D:5:      lemuel_castle_with_subvaults [lemuel_castle_interior_carwin_3],
          layout_basic, kennysheep_slug_shrine, gammafunk_temple_overflow_claw,
          nicolae_ossuary_entry_plus, serial_glass, glass_columns_b,
          glass_columns_b, glass_columns_a
D:6:      layout_loops_ring, lemuel_coloured_pillars_altar,
          nicolae_kikubaaqudgha_miasma_corner, lemuel_round_altar, uniq_maggie

Skill      XL: |  1  2  3  4  5  6  7  8 |
---------------+-------------------------+-----
Axes           | 4 5 6 8 10 11 | 11.0
Fighting       | 4 5 6 7 |  7.4
Armour         | |  2.4
Dodging        | |  2.1

Action                   |  1- 3 |  4- 6 |  7- 9 || total
-------------------------+-------+-------+-------++-------
Melee: Hand axe          |    70 |   105 |   160 ||   335
       Headbutt          |     2 |    12 |    30 ||    44
       Punch             |     2 |     1 |       ||     3
Throw: Boomerang         |    26 |    14 |    18 ||    58
Invok: Berserk           |       |     3 |     1 ||     4
  Use: Scroll            |       |     3 |     1 ||     4
Armor: Animal skin       |     4 |       |       ||     4
       Leather armour    |    17 |       |       ||    17
       Ring mail         |       |    35 |    36 ||    71
Dodge: Dodged            |    44 |    61 |    83 ||   188
